 Dungeon Crawl Stone Soup version 0.26.1-11-gd32895ea62 (webtiles) character file.

Game seed: 8602474315295167483

135 Majorwet the Stinger (level 5, -2/30 HPs)
             Began as a Gargoyle Venom Mage on June 20, 2021.
             Killed from afar by Sigmund (4 damage)
             ... with a magic dart
             ... on level 3 of the Dungeon.
             The game lasted 00:12:32 (3147 turns).

Majorwet the Stinger (Gargoyle Venom Mage)          Turns: 3147, Time: 00:12:33

Health: -2/30      AC:  6    Str: 12    XL:     5   Next: 18%
Magic:  3/9        EV: 12    Int: 16    God:
Gold:   123        SH:  0    Dex: 10    Spells: 9/10 levels left

rFire    . . .     SeeInvis .   j - +0 short sword
rCold    . . .     Faith    .   (no shield)
rNeg     + . .     Spirit   .   a - +0 robe
rPois    ∞         Reflect  .   (no helmet)
rElec    +         Harm     .   s - scarf {repulsion}
rCorr    .         Rampage  .   (no gloves)
Will     .....                  (no boots)
Stlth    ++........             (no amulet)
HPRegen  0.10/turn              o - ring of poison resistance
MPRegen  0.11/turn              (no ring)

@: repel missiles
A: negative energy resistance 1, electricity resistance, unbreathing,
petrification resistance, miasma immunity, AC +4
a: no special abilities


You were on level 3 of the Dungeon.
You visited 1 branch of the dungeon, and saw 3 of its levels.

You collected 123 gold pieces.

Inventory:

Hand Weapons
 j - a +0 short sword (weapon)
 n - a cursed -3 dagger
Armour
 a - a +0 robe (worn)
 f - a +0 cloak
 s - a scarf of repulsion (worn)
Jewellery
 o - a ring of poison resistance (left hand)
Scrolls
 b - 2 scrolls of fear {unknown}
 h - a scroll of immolation {unknown}
 i - 2 scrolls of amnesia {unknown}
 k - 2 scrolls of remove curse {unknown}
 l - 5 scrolls of identify {unknown}
 m - a scroll of enchant weapon {unknown}
 t - a scroll of magic mapping {unknown}
 u - a scroll of blinking {unknown}
Potions
 c - a potion of ambrosia {unknown}
 d - a potion of might {unknown}
 e - a potion of curing {unknown}
 g - a potion of degeneration {unknown}
 p - a potion of attraction {unknown}
 q - a potion of lignification {unknown}
 r - a potion of flight {unknown}


   Skills:
 * Level 2.1 Fighting
 * Level 1.0 Short Blades
 + Level 1.6 Dodging
 + Level 2.4 Stealth
 + Level 3.1 Spellcasting
 + Level 1.3 Transmutations
 + Level 3.6 Poison Magic


You had 9 spell levels left.
You knew the following spells:

 Your Spells              Type           Power        Failure   Level
a - Sting                 Tmut/Pois      40%          7%          1

Your spell library contained the following spells:

 Spells                   Type           Power        Failure   Level
 Poisonous Vapours        Pois/Air       16%          13%         2
 Ignite Poison            Fire/Tmut/Pois 7%           28%         3
 Mephitic Cloud           Conj/Pois/Air  6%           32%         3
 Olgreb's Toxic Radiance  Pois           14%          38%         4


Dungeon Overview and Level Annotations

Branches:
Dungeon (3/15)

Altars:
Qazlal
Trog
Zin

Annotations:
D:3 Sigmund


Innate Abilities, Weirdness & Mutations

You are resistant to torment.
Your stone body is resilient. (AC +4)
You are immune to poison.
You resist negative energy. (rN+)
You are resistant to electric shocks. (rElec)
You can survive without breathing.
You are immune to petrification.
You are immune to miasma.


Message History

Something barely misses you.
Aiming: Sting (safe; 7% risk of failure)
Press: ? - help, Q - select action Shift-Dir - straight line, f/p - orc
Aim: an orc, wielding a +0 short sword (29% to evade)
The sting hits the orc.
The orc is poisoned.
The orc is severely wounded.
Something hits you!
* * * LOW HITPOINT WARNING * * *
An orc priest comes into view.
Aiming: Sting (safe; 7% risk of failure)
Press: ? - help, Q - select action Shift-Dir - straight line, f/p - orc
Aim: an orc, wielding a +0 short sword (severely wounded, poisoned, 29% to evade)
The sting misses the orc.
The orc priest shouts!
Something hits you.
* * * LOW HITPOINT WARNING * * *
You kill the orc!
A magic dart appears from out of thin air!
The magic dart hits you.
You die...

#.# #.# ###.# #...#
. #.### .o
########### #.#
...#.........# #.#
.............# #.#
............w###@##
.........o..){)...#
......§§.....######
......≈§≈≈≈.≈≈≈§≈#
......§####'####≈#
......##≈≈≈.§§≈#
....###⌠§§....≈⌠#
.... ##§§._..≈##
.## #§≈.....§⌠#


You could see an orc priest.

Vanquished Creatures
  Terence (D:3)
  5 adders (D:2)
  A dart slug (D:1)
  3 leopard geckos
  2 orcs (D:3)
  A giant cockroach (D:2)
  7 goblins
  11 hobgoblins
  A ball python (D:2)
  5 bats
  5 frilled lizards (D:1)
  11 kobolds
  6 rats
59 creatures vanquished.

Notes
Turn   | Place    | Note
-------+----------+-------------------------------------------
     0 | D:1      | Majorwet the Gargoyle Venom Mage began the quest for the
                  | Orb.
     0 | D:1      | Reached XP level 1. HP: 10/10 MP: 3/3
   307 | D:1      | Reached XP level 2. HP: 16/16 MP: 0/5
   693 | D:1      | Reached skill level 1 in Fighting
   801 | D:1      | Reached skill level 1 in Transmutations
   879 | D:1      | Reached XP level 3. HP: 18/20 MP: 4/6
  1710 | D:2      | Found a stormy altar of Qazlal.
  1721 | D:2      | Reached XP level 4. HP: 26/26 MP: 4/7
  2027 | D:2      | Found a glowing silver altar of Zin.
  2904 | D:3      | Noticed Terence
  2924 | D:3      | Killed Terence
  2925 | D:3      | Reached skill level 1 in Short Blades
  2925 | D:3      | Reached XP level 5. HP: 30/30 MP: 3/9
  3119 | D:3      | Found a bloodstained altar of Trog.
  3126 | D:3      | Noticed Sigmund
  3147 | D:3      | Killed from afar by Sigmund

Illustrated notes

Levels and vault maps discovered:
D:1:      dpeg_arrival_rooms_a, layout_loops_cross, minmay_cupped
D:2:      layout_rooms, nicolae_overflow_crystal_walls,
          nicolae_qazlal_general_emergency
D:3:      layout_basic, lightli_temple_of_fire, uniq_terence, uniq_sigmund

Skill      XL: |  1  2  3  4 |
---------------+-------------+-----
Fighting       | 1 2 |  2.1
Transmutations | 1 |  1.3
Spellcasting   | 3 |  3.1
Short Blades   | 1 |  1.0
Dodging        | |  1.6
Stealth        | |  2.4
Poison Magic   | |  3.6

Action                   |  1- 3 |  4- 6 || total
-------------------------+-------+-------++-------
Melee: Short sword       |     1 |     7 ||     8
 Cast: Sting             |    61 |    48 ||   109
Armor: Robe              |    23 |    17 ||    40
Dodge: Dodged            |    25 |    34 ||    59
